 Dungeon Crawl Stone Soup version 0.19.0-2-gae57169 (webtiles) character file.

205 Jerry the Shield-Bearer (level 6, -4/47 HPs)
             Began as a Formicid Fighter on Nov 7, 2016.
             Slain by a bullfrog (5 damage)
             ... in a sewer.
             The game lasted 00:09:12 (2413 turns).

Jerry the Shield-Bearer (Formicid Fighter)          Turns: 2413, Time: 00:09:13

Health: -4/47      AC:  7    Str: 20    XL:     6   Next: 10%
Magic:  0/6        EV:  8    Int:  8    God:
Gold:   143        SH: 10    Dex: 12    Spells: 1 memorised, 4 levels left

rFire  . . .     SeeInvis +     a - +0 long sword
rCold  . . .     Gourm    .     b - +0 scale mail
rNeg   . . .     Faith    .     c - +0 shield
rPois  .         Spirit   +     (helmet unavailable)
rElec  .         Reflect  .     (no cloak)
rCorr  .         Harm     .     (no gloves)
MR     .....                    (no boots)
Stlth  ..........               p - amulet of guardian spirit
                                (no ring)
                                r - ring of teleportation (curse)

@: no status effects
A: permanent stasis, dig shafts and tunnels, four strong arms, antennae 3
a: Dig, Shaft Self


You were in a sewer.
You were near starving.

You visited 1 branch of the dungeon, and saw 3 of its levels.
You also visited: Sewer.

You collected 143 gold pieces.

Inventory:

Hand Weapons
 a - a +0 long sword (weapon)
Armour
 b - a +0 scale mail (worn)
 c - a +0 shield (worn)
Jewellery
 p - an amulet of guardian spirit (around neck)
 r - a cursed ring of teleportation (left hand)
Wands
 s - a wand of digging (10/24)
Scrolls
 e - a scroll of amnesia {unknown}
 g - 5 scrolls of identify {unknown}
 j - a scroll of noise {unknown}
 l - a scroll of fear {unknown}
 m - a scroll of immolation {unknown}
 o - a scroll of enchant armour {unknown}
 t - 3 scrolls of remove curse {unknown}
 x - a scroll of random uselessness {unknown}
 y - 2 scrolls of teleportation {unknown}
 z - 2 scrolls of recharging {unknown}
Potions
 d - a potion of curing
 h - a potion of agility
 n - a potion of haste {unknown}
 q - 3 potions of heal wounds {unknown}
 v - 3 potions of magic {unknown}
Books
 u - a book of Necromancy

   Spells                             Type                      Level
   a - Pain                           Necromancy                   1
   b - Animate Skeleton               Necromancy                   1
   c - Vampiric Draining              Necromancy                   3
   d - Regeneration                   Charms/Necromancy            3
   e - Animate Dead                   Necromancy                   4
   f - Control Undead                 Necromancy                   4
Comestibles
 f - 2 bread rations
 w - a meat ration


   Skills:
 - Level 3.2 Fighting
 + Level 3.9 Long Blades
 + Level 4.5 Armour
 + Level 4.7 Shields
 + Level 1.6 Necromancy


You had 4 spell levels left.
You knew the following spells:

 Your Spells              Type           Power        Failure   Level  Hunger
a - Animate Skeleton      Necr           N/A          98%         1    ##.....


Dungeon Overview and Level Annotations

Branches:
Dungeon (3/15)

Altars:
Hepliaklqana
Ru


Innate Abilities, Weirdness & Mutations

You are under a permanent stasis effect.
You can dig through walls and to a lower floor.
Your four strong arms can wield two-handed weapons with a shield.
You have a pair of large antennae on your head. (SInv)


Message History

The bullfrog closely misses you.
You riposte.
You barely miss the bullfrog. The ball python misses you. x2
The bullfrog hits you but does no damage.
You block the bullfrog's attack. The frilled lizard bites you.
The ball python completely misses you. The ball python closely misses you.
The bullfrog hits you but does no damage.
The ball python misses you. The bullfrog closely misses you.
It was a potion of cancellation.
Your magical effects are unravelling.
You feel magically purged.
Your magical contamination has completely faded away.
You flicker back into view.
You feel a little less agile now. The bullfrog hits you.
* * * LOW HITPOINT WARNING * * *
The ball python barely misses you. You block the ball python's attack.
The bullfrog hits you.
* * * LOW HITPOINT WARNING * * *
You block the ball python's attack. x2; The bullfrog hits you.
You die...

#.≈...##
##....
#≈≈≈#≈≈#
#≈≈≈≈≈
#≈≈≈≈≈≈#
#≈≈≈≈≈
#≈≈≈≈≈≈#
#≈≈≈≈≈
#≈≈≈≈≈≈#
#≈≈≈≈≈
#≈≈≈≈≈≈#
#≈≈≈≈≈
#Sl≈≈≈≈#
#≈≈≈≈≈
#FFS≈≈≈#
#≈≈≈≈≈
#≈@S≈≈≈#
##≈≈≈≈
#≈≈#≈≈≈#
#≈.)(.
#≈#≈≈≈≈#
#≈÷÷..
#≈≈≈≈≈≈#
#≈≈≈≈≈
#≈≈≈≈≈≈#
#≈≈≈≈≈
#≈≈≈≈≈≈#
#≈≈≈≈≈
#≈≈≈≈≈≈#
#≈≈≈≈≈
#≈≈≈≈≈≈#####
#≈≈≈≈≈
##.≈..###..#
##.≈..


You could see 2 bullfrogs, 3 ball pythons and a frilled lizard.

Vanquished Creatures
  A gnoll (D:3)
  A river rat (Sewer)
  11 adders
  A worm (D:2)
  The ghost of Patchouli the Chiller, a weakling DEIE (D:3)
  A leopard gecko (D:2)
  An orc (D:3)
  9 ball pythons (Sewer)
  4 bats
  4 giant cockroaches
  4 goblins
  8 hobgoblins
  5 jackals
  A quokka (D:3)
  3 frilled lizards (D:1)
  8 kobolds
  31 rats
94 creatures vanquished.

Notes
Turn   | Place    | Note
-------+----------+-------------------------------------------
     0 | D:1      | Jerry the Formicid Fighter began the quest for the Orb.
     0 | D:1      | Reached XP level 1. HP: 18/18 MP: 1/1
   203 | D:1      | Reached XP level 2. HP: 21/24 MP: 2/2
   672 | D:2      | Reached XP level 3. HP: 27/29 MP: 3/3
   935 | D:2      | Found a sacrificial altar of Ru.
  1106 | D:2      | Found a hazy altar of Hepliaklqana.
  1212 | D:2      | Reached XP level 4. HP: 35/35 MP: 4/4
  1358 | D:3      | Learned a level 1 spell: Animate Skeleton
  1371 | D:3      | Noticed Patchouli's ghost (weakling DEIE)
  1379 | D:3      | Killed Patchouli's ghost
  1550 | D:3      | Found a glowing drain.
  1559 | D:3      | Reached XP level 5. HP: 41/41 MP: 5/5
  1564 | D:3      | Reached skill level 1 in Necromancy
  1570 | Sewer    | Entered a sewer
  2398 | Sewer    | Noticed a bullfrog
  2398 | Sewer    | Noticed a bullfrog
  2403 | Sewer    | Reached XP level 6. HP: 42/47 MP: 4/6
  2413 | Sewer    | HP: 1/47 [bullfrog (4)]
  2413 | Sewer    | Slain by a bullfrog

Skill      XL: |  1  2  3  4  5 |
---------------+----------------+-----
Armour         | 4 |  4.5
Shields        | 4 |  4.7
Long Blades    | 3 |  3.9
Necromancy     | 1 |  1.6
Fighting       | |  3.2

Action                   |  1- 3 |  4- 6 || total
-------------------------+-------+-------++-------
Melee: Long sword        |   115 |   160 ||   275
  Use: Potion            |       |     5 ||     5
 Stab: Invisible         |       |     1 ||     1
  Eat: Chunk             |     1 |     3 ||     4
Armor: Scale mail        |    50 |    97 ||   147
Dodge: Dodged            |    52 |    81 ||   133
Block: Shield            |    63 |   115 ||   178
       Rpst.: Long sword |    20 |    25 ||    45
